[Event "US Masters 2024"]
[Site "Charlotte"]
[Date "2024.11.28"]
[Round "1.13"]
[White "Dukic, Zachary"]
[Black "Zhou, Jianchao"]
[Result "1/2-1/2"]
[ECO "B48"]
[WhiteElo "2200"]
[BlackElo "2581"]
[Annotator "TA"]
[PlyCount "62"]
[EventDate "2024.09.23"]
[EventType "swiss"]
[EventCountry "USA"]
[SourceTitle "playchess.com"]
[Source "ChessBase"]
[SourceQuality "1"]
[TimeControl "5400+30"]

1. e4 c5 2. Nf3 e6 3. d4 cxd4 4. Nxd4 Nc6 5. Nc3 Qc7 6. Be3 a6 7. g4 b5 8. Nxc6 Qxc6 9. Qd2 b4 10. Ne2 Qxe4 11. Rg1 {[%emt 0:00:07] [#] aiming for Bg2.} Qc4 12. Nf4 Qc7 13. O-O-O Nf6 14. Nh5 Bb7 (14... Nxh5 $5 15. gxh5 Bb7 $11) 15. Bf4 $36 {[%emt 0:06:50][%mdl 2048] Black is under pressure.} Qc6 16. Nxf6+ gxf6 17. g5 fxg5 18. Bxg5 {[%emt 0:03:11] [#] Threatens to win with Bf6.} Rg8 $1 19. Bd3 h6 20. Bxh6 $16 Rxg1 21. Rxg1 {[%emt 0:00:09] Black must now prevent Bxf8.} Bxh6 22. Qxh6 {[%emt 0:00:09] Strongly threatening Qf6.} O-O-O 23. Qf6 a5 24. Qxf7 {[%emt 0:03:36] White is more active.} Qd6 25. Rg8 (25. h4 $16 {And now h5 would win.} Qh2 26. Rg4) 25... Qxh2 $11 {[%emt 0:01:50] The position is equal.} 26. Rxd8+ Kxd8 {[%emt 0:00:04] KQB-KQB} 27. Qf8+ Kc7 28. Qc5+ Kb8 29. Qf8+ Kc7 30. Qc5+ Kb8 31. Qf8+ Kc7 {[%emt 0:00:08] Weighted Error Value: White=0.09 (flawless) /Black=0.12 (very precise) .  Mistake:       	White=1     	Black=1      Inaccurate:     	White=1     	Black=2      OK:         	White=12    	Black=10     Best:        	White=1     	Black=3      Strong:       	---       	Black=1} 1/2-1/2

[Event "US Masters 2024"]
[Site "Charlotte"]
[Date "2024.11.28"]
[Round "1.14"]
[White "Bruzon Batista, Lazaro"]
[Black "Perez Rodriguez, Jennifer"]
[Result "1-0"]
[ECO "E01"]
[WhiteElo "2578"]
[BlackElo "2193"]
[Annotator "RC"]
[PlyCount "53"]
[EventDate "2024.09.23"]
[EventType "swiss"]
[EventCountry "USA"]
[SourceTitle "playchess.com"]
[Source "ChessBase"]
[SourceQuality "1"]
[TimeControl "5400+30"]

1. c4 e6 2. Nf3 d5 3. g3 Nf6 4. Bg2 Bd6 5. d4 c6 6. O-O O-O 7. Nc3 Nbd7 8. Nd2 Re8 9. e4 dxe4 10. Ndxe4 Nxe4 11. Nxe4 Be7 12. Bf4 Nf6 13. c5 Nd5 14. Be5 f6 15. Bd6 Bxd6 16. Nxd6 Re7 17. Re1 Nc7 18. Qb3 Ne8 19. Nxc8 Qxc8 20. d5 cxd5 21. Bxd5 Kf8 22. c6 bxc6 23. Bxe6 Qb8 24. Qc2 Qd6 25. Bb3 g6 26. Qc4 Qd5 27. Rxe7 1-0

[Event "US Masters 2024"]
[Site "Charlotte"]
[Date "2024.11.28"]
[Round "1.15"]
[White "Tang, Dylan"]
[Black "Nyzhnyk, Illya"]
[Result "0-1"]
[ECO "B84"]
[WhiteElo "2192"]
[BlackElo "2576"]
[Annotator "TA"]
[PlyCount "140"]
[EventDate "2024.09.23"]
[EventType "swiss"]
[EventCountry "USA"]
[SourceTitle "playchess.com"]
[Source "ChessBase"]
[SourceQuality "1"]
[TimeControl "5400+30"]

1. e4 c5 2. Nf3 d6 3. d4 cxd4 4. Nxd4 Nf6 5. Nc3 a6 6. Be2 e6 7. Be3 Nbd7 8. g4 h6 9. Qd2 b5 {[%emt 0:00:06] White must now prevent ...b4.} 10. a3 Bb7 {[%emt 0:00:16][%cal Bc8b7,Bb7d5,Bd5c4][%mdl 32] The position is equal.} 11. f3 Rc8 12. O-O-O d5 13. exd5 (13. h4 $5 e5 14. g5 exd4 15. Bxd4 $17) 13... Nxd5 (13... Bxd5 $5 14. g5 hxg5 $11) 14. Nxd5 Bxd5 15. Kb1 Ne5 (15... Bc5 $5) 16. Rhe1 Nc4 (16... Be7 $11 {keeps the balance.}) 17. Bxc4 $16 Bxc4 {[%emt 0:00:03] [#]} 18. h4 $1 Be7 $14 19. g5 {[%emt 0:00:00] Threatens to win with Qg2.} h5 20. b3 Bd5 {[%emt 0:08:52][%cal Oe8g8] [#]} 21. Nf5 $1 exf5 22. Qxd5 Qxd5 23. Rxd5 O-O 24. Bc1 (24. Rxf5 Bxa3 25. Bc1 Bc5 $15) 24... Bc5 25. Rxf5 Bf2 26. Re4 Rfe8 {[%emt 0:00:22] ...Rxe4 would now be deadly.} 27. Rff4 Bg3 28. Rxe8+ Rxe8 $15 {[%emt 0:00:03][%mdl 4096] Endgame. KRB-KRB} 29. Rd4 Bf2 30. Rd2 Bxh4 {[%emt 0:01:14][%cal Oh4g3] aiming for ...Bg3!} 31. Rh2 $1 Bg3 32. Rxh5 Re1 33. Kb2 Be5+ 34. c3 $1 ({But not} 34. Kb1 $2 Bf4 35. g6 fxg6 $19 (35... Bxc1 $2 36. gxf7+ Kxf7 37. Ka2 $19) (35... Rxc1+ $2 36. Kb2 $19)) 34... Re2+ 35. Kb1 Bxc3 36. Rh3 f5 37. gxf6 Bxf6 38. a4 Kf7 39. Rh5 {[%emt 0:00:00] [#]} g5 $1 40. Rh7+ (40. axb5 axb5) 40... Kg6 41. Ra7 bxa4 42. bxa4 Rf2 43. Rxa6 {[%emt 0:00:34] a5 is the strong threat.} Rxf3 44. Bxg5 Kxg5 $11 {[%emt 0:00:04] KRB-KR} 45. Rc6 Ra3 46. Rc4 Kf5 47. Kc2 Be5 48. Rb4 Ke6 49. a5 Kd5 50. Rb5+ Ke4 51. Rc5 Bd4 52. Rb5 Rc3+ 53. Kd2 Rc4 54. Rb3 Ra4 55. Rh3 Ra2+ (55... Rxa5 56. Kc2 Rb5 57. Rh4+ Ke3 58. Rh3+ Ke2 59. Rh2+ Bf2 60. Kc3) 56. Kc1 Be3+ (56... Rxa5 57. Kc2 $19) 57. Kb1 Rxa5 58. Kc2 Rc5+ 59. Kb3 Kd3 60. Kb4 Rf5 61. Rg3 Rf6 62. Ka5 Re6 {[%emt 0:00:06] ( -> ...Kc4)} 63. Kb5 Rb6+ 64. Ka5 Rb3 65. Ka4 Rb8 66. Rh3 Kc4 67. Ka3 $2 {[%emt 0:01:13][%mdl 8192] This move loses the game for White.} (67. Rh4+ $17 Bd4 68. Rh5 Rb2 69. Rh3 Bf2 70. Rf3 Bc5 71. Rf4+ Bd4 72. Rf3 Rb4+ 73. Ka3 Rb8 74. Ka2 Rb2+ 75. Ka3 Re2 76. Rf4 Re1 77. Rxd4+ Kxd4 78. Kb3 Re2 79. Kb4 Rb2+ 80. Ka4 Kc3 81. Ka5 Kc4 82. Ka6 Kc5 83. Ka7 Kc6 84. Ka8 Kc7 85. Ka7 Ra2#) 67... Bd4 {[%emt 0:06:36][%cal Rb8a8] Black mates.} 68. Ka2 Rb2+ 69. Ka3 Rg2 70. Rf3 Bc5+ {[%emt 0:00:05] Weighted Error Value: White=0.08 (flawless) /Black=0.07 (flawless) .  Loses game:     	White=1     	---        Mistake:       	White=2     	Black=1      Inaccurate:     	White=5     	Black=3      OK:         	White=22    	Black=42     Best:        	White=7     	Black=2      Strong:       	White=2     	---        Brilliant:      	White=1     	---} 0-1

[Event "US Masters 2024"]
[Site "Charlotte"]
[Date "2024.11.28"]
[Round "1.16"]
[White "Krishnakumar, Sriram"]
[Black "Vazquez, Guillermo"]
[Result "1/2-1/2"]
[ECO "B53"]
[WhiteElo "2187"]
[BlackElo "2569"]
[Annotator "TA"]
[PlyCount "56"]
[EventDate "2024.09.23"]
[EventType "swiss"]
[EventCountry "USA"]
[SourceTitle "playchess.com"]
[Source "ChessBase"]
[SourceQuality "1"]
[TimeControl "5400+30"]

1. e4 c5 2. Nf3 d6 3. d4 cxd4 4. Qxd4 Nf6 5. c4 g6 6. Nc3 Bg7 7. Be2 Bg4 8. h3 ({Better is} 8. e5 $14 dxe5 (8... Nc6 9. exf6 Nxd4 10. fxg7 $16) 9. Qxd8+ Kxd8 10. Nxe5 Bxe2 11. Kxe2) 8... Bxf3 $11 9. Bxf3 {[%emt 0:00:07] [#] Threatens to win with e5.} Nc6 10. Qe3 O-O 11. O-O a5 12. Rd1 Nd7 13. Rb1 a4 14. Nb5 Qb6 15. Be2 Nc5 16. b4 (16. f3 $14) 16... axb3 17. axb3 Ra2 18. b4 Na4 {[%emt 0:01:15] [#] ...Qxe3 is the strong threat.} 19. Bf1 Qxe3 20. Bxe3 Rc2 21. Rd2 Rxd2 22. Bxd2 Rc8 23. Rc1 Nb6 24. c5 dxc5 25. bxc5 Nd7 26. Be3 Nf6 27. f3 Rd8 28. Rb1 h5 {[%emt 0:01:50] Weighted Error Value: White=0.13 (very precise) /Black=0.10 (very precise) .  Mistake:       	White=2     	Black=1      Inaccurate:     	---       	Black=3      OK:         	White=5     	Black=11     Best:        	---       	Black=1} (28... Nd7 $11 {keeps the balance.}) 1/2-1/2

[Event "US Masters 2024"]
[Site "Charlotte"]
[Date "2024.11.28"]
[Round "1.18"]
[White "Wan, Joseph"]
[Black "Kevlishvili, Robby"]
[Result "0-1"]
[ECO "B51"]
[WhiteElo "2184"]
[BlackElo "2556"]
[Annotator "TA"]
[PlyCount "136"]
[EventDate "2024.09.23"]
[EventType "swiss"]
[EventCountry "USA"]
[SourceTitle "playchess.com"]
[Source "ChessBase"]
[SourceQuality "1"]
[TimeControl "5400+30"]

1. e4 c5 2. Nf3 d6 3. Bb5+ Nd7 4. O-O a6 5. Bd3 g6 6. Re1 {[%emt 0:02:46] B51: Sicilian: Moscow Variation (3 Bb5+) without 3...Bd7.} Ngf6 7. c3 b5 8. Bc2 {[%emt 0:01:24] 8.a4 deserves study.} Bb7 9. d4 cxd4 10. cxd4 Bg7 11. a4 O-O 12. Qe2 Qb8 $146 ({Predecessor:} 12... bxa4 13. Rxa4 e5 14. dxe5 dxe5 15. Be3 Qe7 16. Nc3 Nh5 17. Nd5 Bxd5 {½-½ Gharamian,T (2654)-Edouard,R (2636) Cap d'Agde Karpov qual 4th rapid 2015 (11)}) 13. Nbd2 e5 14. dxe5 Nxe5 15. Nxe5 dxe5 16. Nb3 Bc6 17. Nc5 Rc8 18. Be3 Bf8 19. Qf3 Nh5 20. Bb3 Nf4 21. Nd3 (21. a5 $5) 21... bxa4 22. Nxe5 Qxb3 23. Qxf4 Bg7 24. Bd4 ({White should play} 24. Rad1 $11) 24... Be8 $1 $15 25. h4 Qb8 26. g3 f6 27. Ng4 Qxf4 28. gxf4 Kf7 29. e5 fxe5 $1 30. fxe5 (30. Nxe5+ $11 Kg8 31. Rac1) 30... Ke6 31. Nf6 Rc4 32. Rad1 Rd8 33. Nxe8 Rxe8 34. Bc3 Bf8 $1 35. Rd4 Rxd4 36. Bxd4 Rb8 37. Kg2 (37. Kf1 $142) 37... Rb4 $17 38. Rd1 h5 39. Kg3 Be7 40. f3 Rc4 41. Kh3 Kf5 42. Kg3 Bd8 43. f4 Be7 44. Be3 a3 45. bxa3 Rc3 46. Kf2 $1 Bxh4+ 47. Ke2 $1 Rxa3 48. Rd7 a5 49. Kf3 Rc3 50. Rf7+ Ke6 51. Rg7 Be7 52. Ke4 (52. Rxg6+ Kf7 53. f5 Bc5 $15) 52... Rc4+ 53. Kd3 Rb4 54. Rxg6+ Kf5 55. Rg7 Rb3+ 56. Kd4 Bd8 57. Bd2 h4 (57... Rb2 $11 58. Bc3 Rb8) 58. Rf7+ $16 Kg6 $2 {[%emt 0:02:00] [#]} (58... Kg4 $16 {is more resistant.}) 59. Rf8 $2 (59. Rd7 $1 $18) 59... Be7 ({Black should try} 59... Rb8 $1 $11 60. Rg8+ Kf5 (60... Kf7 61. Rg2 $11)) 60. Re8 ({Better is} 60. f5+ $14 Kg7 61. Re8) 60... Kf7 61. Rh8 Kg7 62. Rh5 Kg6 63. Rh8 a4 64. Ke4 Kg7 65. Re8 Kf7 66. Rh8 $2 (66. Rc8 $11 a3 67. f5) 66... a3 $19 67. Rh7+ Ke8 68. Rh8+ {[%emt 0:00:39] [#]} Bf8 $1 0-1

[Event "US Masters 2024"]
[Site "Charlotte"]
[Date "2024.11.28"]
[Round "1.19"]
[White "Stremavicius, Titas"]
[Black "Kung, Thomas"]
[Result "1-0"]
[ECO "A07"]
[WhiteElo "2545"]
[BlackElo "2180"]
[Annotator "TA"]
[PlyCount "113"]
[EventDate "2024.09.23"]
[EventType "swiss"]
[EventCountry "USA"]
[SourceTitle "playchess.com"]
[Source "ChessBase"]
[SourceQuality "1"]
[TimeControl "5400+30"]

1. Nf3 d5 2. g3 c6 3. Bg2 Bg4 4. h3 Bh5 5. d4 Nd7 {[%emt 0:01:53] [#]} 6. c4 $1 e6 7. cxd5 exd5 8. Nc3 {[%emt 0:00:13] The position is equal.} Ngf6 9. Ne5 Ne4 10. Nxe4 Nxe5 11. dxe5 dxe4 12. Qa4 (12. Bxe4 Bb4+ 13. Bd2 Qd4 $11) 12... Qb6 {[%emt 0:37:53] Inhibits Be3.} 13. Bxe4 Bb4+ 14. Kf1 O-O 15. Be3 Bc5 {[%emt 0:02:13] [#]} 16. Bxh7+ $1 Kxh7 17. Qc2+ Bg6 18. Qxc5 Qxb2 19. Bd4 $36 {[%emt 0:00:05][%mdl 2048] White is on the roll.} Qd2 20. Bc3 Qc2 21. f3 Rfd8 22. Kf2 b6 23. Qb4 (23. Qxc6 $2 {perishes.} Rac8 24. Qb5 Bd3 $19 (24... Rxc3 $2 25. Rac1 $19) (24... Qxc3 $2 25. Rhd1 $19)) 23... c5 {[%emt 0:00:41] [#]} (23... Bd3 $142 24. Qb2 c5) 24. Qh4+ $1 $16 Kg8 25. Rhc1 Qf5 26. g4 Qf4 27. Qg3 Qxg3+ 28. Kxg3 b5 29. Ba5 Rd5 30. e4 Rxe5 31. Bc7 Re7 32. Rxc5 Rc8 33. Rac1 f6 34. Bd6 Rxc5 35. Rxc5 {[%emt 0:00:04][%mdl 4096] Endgame. KRB-KRB} Rd7 36. e5 fxe5 37. Bxe5 Rb7 38. f4 Bf7 (38... Bb1 $142 39. f5 g6) 39. a3 $18 a5 40. Kh4 Be8 41. f5 Re7 42. Kg5 Rb7 (42... b4 $142 43. Rxa5 bxa3) 43. h4 ({Resist} 43. Rc8 Re7 $18) 43... Kf7 44. h5 {[%emt 0:00:16] Kf4 would now be deadly.} Ra7 (44... b4 $142 45. Rxa5 b3) 45. Bc3 (45. f6 $142 gxf6+ 46. Bxf6) 45... Bd7 46. Rd5 Bc6 47. Rc5 Bd7 48. Kf4 {[%emt 0:00:13] And now g5 would win.} ({Weaker is} 48. h6 gxh6+ 49. Kxh6 Ra6+ 50. Kh7 b4) 48... b4 49. axb4 axb4 50. Bxb4 {[%emt 0:00:07] aiming for g5.} Ra4 51. Rc4 {[%emt 0:00:03] Hoping for g5.} Bb5 52. Re4 {[%emt 0:00:08] Black must now prevent g5.} Bd3 53. Re7+ Kg8 54. Rb7 Be2 55. g5 Bxh5 56. g6 Ra8 57. Bc3 {[%emt 0:00:04] Weighted Error Value: White=0.24 (precise) /Black=0.33.  Mistake:       	White=1     	Black=4      Inaccurate:     	---       	Black=3      OK:         	White=25    	Black=15     Best:        	White=2     	Black=4      Strong:       	White=1     	---} 1-0

[Event "US Masters 2024"]
[Site "Charlotte"]
[Date "2024.11.28"]
[Round "1.20"]
[White "Girsh, Daniel"]
[Black "Brodsky, David"]
[Result "0-1"]
[ECO "B92"]
[WhiteElo "2180"]
[BlackElo "2538"]
[Annotator "TA"]
[PlyCount "74"]
[EventDate "2024.09.23"]
[EventType "swiss"]
[EventCountry "USA"]
[SourceTitle "playchess.com"]
[Source "ChessBase"]
[SourceQuality "1"]
[TimeControl "5400+30"]

1. e4 c5 2. Nf3 d6 3. d4 cxd4 4. Nxd4 Nf6 5. Nc3 a6 6. Be2 e5 7. Nb3 Be7 8. Be3 Be6 9. Nd5 Nbd7 10. Qd3 O-O 11. c4 b5 12. cxb5 axb5 {[%emt 0:02:13] The position is equal.} 13. O-O $1 Bxd5 14. exd5 b4 15. Rfd1 Qb8 16. Qb5 Bd8 17. a4 {[%emt 0:11:00] Hoping for a5.} bxa3 18. bxa3 Bb6 19. Bxb6 Nxb6 20. a4 Qa7 {[%emt 0:02:20][%cal Of8b8] ...Rfb8! is the strong threat.} 21. a5 Nbd7 22. Nd2 {[%emt 0:03:19] Prevents Ne4.} Rfc8 23. a6 Nc5 {[%emt 0:05:44] Prevents Qb7.} 24. Qa5 Rab8 25. Nc4 (25. g3 $11) 25... Nb3 $1 $17 {[%emt 0:06:40][%csl LRa1,LRa5] Excellent horsemanship.} 26. Qe1 {[%emt 0:00:15][%cal Oc4d6] [#] Strongly threatening Nxd6!} Nxa1 27. Rxa1 Qc7 28. Ra5 (28. g3 $142) 28... Ra8 29. h4 g6 30. Qb4 Ne4 {[%emt 0:01:05] White must now prevent ...Rcb8.} 31. Qb7 {[%emt 0:02:42] [#]} (31. Qb6 $17) 31... Qd8 $1 $19 32. a7 {[%emt 0:00:27] Inhibits Rcb8.} (32. Qb6 $142) 32... Qxh4 33. g3 $2 (33. Qb6 Nc3 34. Bf1 Rxc4 35. Bxc4 Qxc4 36. Qc6 (36. Qb8+ $2 Kg7 $19) 36... Ne2+ 37. Kf1 Ng3+ 38. Kg1 Qxc6 39. dxc6) 33... Qf6 34. f3 Nxg3 35. Nb6 Nxe2+ {[%emt 0:00:17] Black mates.} 36. Kf2 Nd4 37. Ra3 Qh4+ {[%emt 0:00:27] Weighted Error Value: White=0.93/Black=0.04 (flawless) .  Mistake:       	White=5     	---        Inaccurate:     	White=3     	Black=1      OK:         	White=6     	Black=8      Best:        	White=2     	Black=4      Strong:       	White=1     	Black=1} 0-1

[Event "US Masters 2024"]
[Site "Charlotte"]
[Date "2024.11.28"]
[Round "1.21"]
[White "Harsha Bharathakoti"]
[Black "Sriniaiyer, Sudarshan"]
[Result "1/2-1/2"]
[ECO "D35"]
[WhiteElo "2531"]
[BlackElo "2179"]
[Annotator "TA"]
[PlyCount "152"]
[EventDate "2024.09.23"]
[EventType "swiss"]
[EventCountry "USA"]
[SourceTitle "playchess.com"]
[Source "ChessBase"]
[SourceQuality "1"]
[TimeControl "5400+30"]

1. d4 Nf6 2. c4 e6 3. Nc3 d5 4. cxd5 exd5 5. Bg5 c6 6. e3 h6 7. Bh4 Be7 8. Bd3 O-O 9. Nge2 Ne8 10. Bg3 Nd6 11. Qc2 {[%emt 0:00:43] White has an edge.} Re8 12. O-O Bf8 13. Rad1 Nd7 14. h3 a5 15. Rfe1 Nf6 16. Bh4 g6 17. Bg3 Bf5 18. Nf4 Bxd3 19. Nxd3 Nfe4 20. Bf4 Nxc3 21. Qxc3 a4 22. Qc2 Nc4 23. Re2 Qh4 24. Rde1 Bd6 25. Bxd6 Nxd6 26. Nc5 a3 27. b3 Re7 28. Qc1 Kg7 29. Rc2 Rae8 (29... Ree8 $11 {remains equal.}) 30. Rf1 ({White should try} 30. Qxa3 $16 Nf5 31. Rd1) 30... Nb5 31. Qd1 Qf6 32. Qg4 h5 33. Qg3 Nd6 34. Nd3 Nf5 35. Qf3 Qg5 36. Qf4 {[%emt 0:00:05] Wards off Nh4} Qxf4 37. Nxf4 Kh6 38. Rc5 Nd6 39. Ra5 g5 40. Nd3 Nb5 41. h4 gxh4 42. Kh2 f6 43. Rc1 Rg7 44. Nf4 Re4 45. Nxd5 $1 cxd5 (45... b6 $11 46. Rxb5 (46. Rxc6 $2 bxa5 47. Nf4 Rxf4 $19) (46. Nxf6 Re6 $14) (46. Nxb6 Reg4 $11) 46... cxb5) 46. Rxb5 $14 {[%emt 0:00:03][%mdl 4096] Endgame. KRR-KRR} Reg4 47. Rg1 (47. Rxd5 $2 Rxg2+ 48. Kh3 Rxf2 $19) 47... Rc7 {[%emt 0:00:24] [#]} 48. Rc5 ({Don't play} 48. Rxd5 $6 Rc2 $11) 48... Rxc5 (48... Rd7 $16 {is a better defense.}) 49. dxc5 $16 {[%emt 0:00:03] KR-KR} Rg5 50. Rd1 Rf5 (50... Kg7 $142 51. Rd4 Kf8 52. Rxh4 Ke8) 51. Rd2 Kg7 52. Kh3 Kf7 53. Kxh4 Ke6 54. f3 Rg5 55. Kh3 Re5 56. Rd3 {[%emt 0:00:03] Hoping for b4.} Kd7 $2 (56... d4 $16 {keeps fighting.} 57. exd4 (57. Rxd4 Rxe3 58. Ra4 Rc3 $16) 57... Re2) 57. b4 $18 Kc6 58. Rxa3 Kb5 59. Rb3 (59. Rd3 $18) 59... Kc4 $16 60. Kh4 Rg5 {[%emt 0:00:29] [#]} 61. g3 $1 Rg8 62. Ra3 {[%emt 0:01:28] Inhibits Ra8.} ({Stronger than} 62. Kxh5 Rxg3 63. f4 Rg2 $11) 62... Kxb4 63. Rb3+ Kxc5 64. Rxb7 Ra8 (64... Re8 $16) 65. Rb2 $2 (65. Kxh5 $18 {Threatens to win with g4.} Kc4 66. Kg4) 65... Ra3 $11 {[%emt 0:00:13] The position is equal.} 66. Re2 Kc4 67. Kxh5 Kd3 68. Re1 Kd2 69. Rb1 Kxe3 70. f4 Kf3 71. Kg6 Kxg3 72. f5 Ra6 73. Rd1 Rd6 $1 74. Kf7 {[%emt 0:00:02] aiming for Ke7.} Kf4 {[%emt 0:01:28][%cal Of4e5] ...Ke5! is the strong threat.} 75. Ke7 Ra6 76. Rxd5 {[%emt 0:00:00][%cal Oa2a4] Black must now prevent a4!} Kg5 {[%emt 0:00:00] Black escapes into a draw.   Weighted Error Value: White=0.16 (very precise) /Black=0.19 (very precise) .  Loses game:     	---       	Black=2      Missed win:     	White=1     	---        Mistake:       	White=2     	Black=4      Inaccurate:     	White=3     	Black=3      OK:         	White=26    	Black=27     Best:        	White=5     	Black=5      Strong:       	White=2     	Black=1} 1/2-1/2

[Event "US Masters 2024"]
[Site "Charlotte"]
[Date "2024.11.28"]
[Round "1.22"]
[White "Duong, Thanh Nha"]
[Black "Woodward, Andy"]
[Result "0-1"]
[ECO "D38"]
[WhiteElo "2177"]
[BlackElo "2525"]
[Annotator "TA"]
[PlyCount "80"]
[EventDate "2024.09.23"]
[EventType "swiss"]
[EventCountry "USA"]
[SourceTitle "playchess.com"]
[Source "ChessBase"]
[SourceQuality "1"]
[TimeControl "5400+30"]

1. Nf3 d5 2. d4 Nf6 3. c4 e6 4. Nc3 Nbd7 5. Bg5 Bb4 6. cxd5 exd5 7. e3 c5 8. Bxf6 Nxf6 9. Bb5+ Kf8 10. O-O (10. dxc5 {is more complex.} Qa5 11. a4 Bxc3+ 12. bxc3 Qxc3+ 13. Ke2) 10... c4 11. Ne2 (11. Ba4 $11) 11... Bd6 $15 {[%emt 0:05:09] Black is slightly better.} 12. Ba4 a6 13. Bc2 Qc7 14. Re1 b5 15. a3 Bb7 16. Nc3 Re8 17. Qb1 Ne4 18. g3 h5 {[%emt 0:01:54][%cal Oh5h4] Black is more active.} 19. Bxe4 (19. Re2 $17) 19... dxe4 $19 20. Nh4 Qd7 {[%emt 0:00:48] [#] Dodges Nf5. Threatens to win with ...g5. White is weak on the light squares} 21. f4 exf3 22. Qf5 Qxf5 23. Nxf5 {[%emt 0:00:08] Excellent horsemanship.} Bb8 {[%emt 0:00:06] aiming for ...g6.} 24. d5 $2 (24. e4) 24... g5 25. Rad1 Bc8 26. e4 g4 {[%emt 0:01:05] [#] ...Bxf5 is the strong threat.} 27. Nh4 Rh6 28. Kf2 Be5 29. Rd2 Rb6 30. Red1 Bd6 31. Ra1 a5 32. Nf5 Bxf5 33. exf5 b4 34. Na4 (34. axb4 $142 axb4 35. Nb1) 34... Rbb8 35. Rc1 Re4 36. Rdc2 c3 37. axb4 axb4 38. Ra1 Ra8 {[%emt 0:00:24][%cal Oa8a4] White must now prevent ...Rxa4!} 39. b3 Rae8 40. Raa2 Be5 {[%emt 0:00:26] Black took control after the opening.   Weighted Error Value: White=0.83/Black=0.09 (flawless) .  Mistake:       	White=3     	---        Inaccurate:     	White=3     	Black=1      OK:         	White=4     	Black=12     Best:        	White=1     	Black=2} 0-1